 Dungeon Crawl Stone Soup version 0.23.1 (webtiles) character file.

Game seed: 14948146175206969409

137 Folque the Digger (level 5, -4/41 HPs)
             Began as a Draconian Earth Elementalist on Mar 17, 2019.
             Slain by a wyvern skeleton (6 damage)
             ... on level 3 of the Dungeon.
             The game lasted 00:08:00 (2430 turns).

Folque the Digger (Draconian Earth Elementalist)    Turns: 2430, Time: 00:08:01

Health: -4/41      AC:  6    Str: 10    XL:     5   Next: 0%
Magic:  4/9        EV: 12    Int: 16    God:
Gold:   100        SH:  0    Dex: 12    Spells: 4/10 levels left

rFire    . . .     SeeInvis .   m - +0 hand axe
rCold    . . .     Gourm    .   (no shield)
rNeg     . . .     Faith    .   (armour unavailable)
rPois    .         Spirit   .   (helmet restricted)
rElec    .         Reflect  .   (no cloak)
rCorr    .         Harm     .   i - +0 pair of gloves
MR       .....                  (no boots)
Stlth    ++........             (no amulet)
HPRegen  0.13/turn              (no ring)
MPRegen  0.11/turn              (no ring)

@: very slightly contaminated
A: unfitting armour, cold-blooded, AC +5
a: no special abilities


You were on level 3 of the Dungeon.
You were not hungry.

You visited 1 branch of the dungeon, and saw 3 of its levels.

You collected 100 gold pieces.

Inventory:

Hand Weapons
 m - a +0 hand axe (weapon)
Missiles
 b - 142 stones (quivered)
Armour
 i - a +0 pair of gloves (worn)
Jewellery
 p - an uncursed ring of flight {unknown}
Scrolls
 a - a scroll of random uselessness {unknown}
 f - a scroll of magic mapping {unknown}
 h - 4 scrolls of remove curse {unknown}
 j - a scroll of amnesia {unknown}
 l - a scroll of teleportation {unknown}
Potions
 d - a potion of curing {unknown}
 e - a potion of mutation {unknown}
 g - a potion of magic {unknown}
 k - a potion of degeneration {unknown}
 o - 2 potions of resistance {unknown}
Comestibles
 c - 8 rations
 n - 4 chunks of flesh


   Skills:
 - Level 2.1 Fighting
 - Level 1.7 Dodging
 - Level 1.7 Stealth
 * Level 3.2 Spellcasting
 + Level 1.7 Conjurations
 - Level 1.0 Transmutations
 + Level 3.8 Earth Magic


You had 4 spell levels left.
You knew the following spells:

 Your Spells              Type           Power        Failure   Level  Hunger
a - Sandblast             Erth           ##....       3%          1    None
b - Passwall              Tmut/Erth      ##......     11%         2    ##.....
c - Stone Arrow           Conj/Erth      ##....       17%         3    ###....

Your spell library contained the following spells:

 Spells                   Type           Power        Failure   Level  Hunger
 Confusing Touch          Hex            #.....       19%         1    None
 Confuse                  Hex            #.......     50%         3    ###....
 Gell's Gravitas          Tloc           #.........   50%         3    ###....
 Petrify                  Tmut/Erth      ##......     56%         4    ####...
 Lee's Rapid Deconstruct  Erth           ##........   71%         5    ######.
 Metabolic Englaciation   Hex/Ice        #.........   99%         5    ######.
 Yara's Violent Unravell  Hex/Tmut       #.........   99%         5    ######.


Dungeon Overview and Level Annotations

Branches:
Dungeon (3/15)

Altars:
Hepliaklqana
Okawaru

Annotations:
D:2 Ijyb


Innate Abilities, Weirdness & Mutations

Your plain brown scales are hard. (AC +5)
You cannot fit into any form of body armour.
You are cold-blooded and may be slowed by cold attacks.


Message History

Confirm with . or Enter, or press ? or * to list all spells.
Aiming: Sandblast (safe; 3% risk of failure)
Press: ? - help, Shift-Dir - straight line, f/p - wyvern skeleton
Aim: a wyvern skeleton (heavily damaged)
The blast of sand hits the wyvern skeleton!
The wyvern skeleton is severely damaged.
b - 142 stones The wyvern skeleton bites you but does no damage.
You hit the wyvern skeleton.
The wyvern skeleton is almost destroyed.
The wyvern skeleton bites you!
* * * LOW HITPOINT WARNING * * *
The wyvern skeleton bites you!
* * * LOW HITPOINT WARNING * * *
You hit the wyvern skeleton but do no damage.
You tail-slap the wyvern skeleton.
The wyvern skeleton is almost destroyed.
The wyvern skeleton bites you but does no damage.
The wyvern skeleton bites you.
You die...

.# .# [# ##
#### .######
####### .# ..#
.....(. ......
.#####.# # #.#
....... #....
.......
#.##.###.......
#[... ...#
#......@Z......
#.... ..#
####.####......
....#. <## #.#
..... .## #. .#
#.# ..... #. .#
#.#
.......####.
+## #.#
...........
..## #.#
#.#########
...## ####.#
#.## ##. ....##
##.##.# #..##
##..


You could see a wyvern skeleton.

Vanquished Creatures
  A jelly (D:3)
  An orc priest (D:3)
  Natasha (D:2)
  An adder (D:2)
  An ooze (D:2)
  A worm (D:2)
  3 orcs (D:3)
  A ball python (D:2)
  2 giant cockroaches (D:2)
  5 goblins
  8 hobgoblins
  A quokka (D:2)
  3 bats
  3 frilled lizards
  3 kobolds
  A rat (D:2)
36 creatures vanquished.

Notes
Turn   | Place    | Note
-------+----------+-------------------------------------------
     0 | D:1      | Folque the Draconian Earth Elementalist began the quest for
                  | the Orb.
     0 | D:1      | Reached XP level 1. HP: 14/14 MP: 3/3
   359 | D:1      | Reached XP level 2. HP: 22/22 MP: 5/5
   892 | D:1      | Learned a level 2 spell: Passwall
  1075 | D:2      | Reached skill level 1 in Fighting
  1154 | D:2      | Reached XP level 3. HP: 15/28 MP: 1/6
  1261 | D:2      | Learned a level 3 spell: Stone Arrow
  1382 | D:2      | Noticed Natasha
  1389 | D:2      | Killed Natasha
  1394 | D:2      | Reached XP level 4. HP: 25/36 MP: 0/8
  1593 | D:3      | Noticed Ijyb
  2122 | D:3      | Reached skill level 1 in Conjurations
  2346 | D:3      | Reached XP level 5. HP: 35/41 MP: 9/9
  2397 | D:3      | Found a hazy altar of Hepliaklqana.
  2398 | D:3      | Found an iron altar of Okawaru.
  2429 | D:3      | HP: 2/41 [wyvern skeleton (10)]
  2430 | D:3      | Slain by a wyvern skeleton

Skill      XL: |  1  2  3  4 |
---------------+-------------+-----
Fighting       | 1 2 |  2.1
Spellcasting   | 3 |  3.2
Conjurations   | 1 |  1.7
Dodging        | |  1.7
Stealth        | |  1.7
Transmutations | |  1.0
Earth Magic    | |  3.8

Action                   |  1- 3 |  4- 6 || total
-------------------------+-------+-------++-------
Melee: Unarmed           |   129 |    39 ||   168
       Tailslap          |    11 |     7 ||    18
       Hand axe          |       |    22 ||    22
 Cast: Sandblast         |    12 |    11 ||    23
       Stone Arrow       |     1 |     4 ||     5
       Passwall          |       |     1 ||     1
 Stab: Sleeping          |     3 |       ||     3
  Eat: Chunk             |     2 |     4 ||     6
Armor: Skin              |    25 |    33 ||    58
Dodge: Dodged            |    78 |    34 ||   112
